 Dungeon Crawl Stone Soup version 0.28-a0-429-g1448048969 (webtiles) character file.

Game seed: 17852521346479113736

232 Sabo the Covered (level 6, -8/38 HPs)
             Began as a Gargoyle Fighter on Sept 11, 2021.
             Was a Believer of Jiyva.
             Mangled by an ogre (12 damage)
             ... on level 4 of the Dungeon.
             The game lasted 00:18:54 (4099 turns).

Sabo the Covered (Gargoyle Fighter)                 Turns: 4099, Time: 00:18:54

Health: -8/38      AC: 11    Str: 19    XL:     6   Next: 4%
Magic:  6/6        EV: 10    Int:  9    God:    Jiyva [**....]
Gold:   106        SH:  4    Dex: 11    Spells: 5/5 levels left

rFire   . . .      SeeInvis .   a - +0 war axe
rCold   . . .      Faith    .   c - +0 buckler
rNeg    + . .      Spirit   .   b - +0 scale mail
rPois   ∞          Reflect  .   (no helmet)
rElec   +          Harm     .   (no cloak)
rCorr   .          Rampage  .   (no gloves)
Will    .....                   (no boots)
Stlth   ..........              (no amulet)
HPRegen 0.12/turn               (no ring)
MPRegen 0.10/turn               (no ring)

@: no status effects
A: sickness immunity, AC +4, negative energy resistance 1, electricity
resistance, torment resistance 1, petrification resistance
a: Renounce Religion, Request Jelly


You were on level 4 of the Dungeon.
You worshipped Jiyva.
Jiyva was pleased with you.
You visited 1 branch of the dungeon, and saw 4 of its levels.

You collected 106 gold pieces.

Inventory:

Hand Weapons
 a - a +0 war axe (weapon)
 r - a +2 dagger of venom
Missiles
 e - 8 stones
 f - 53 arrows
 g - 26 poisoned darts
 i - 7 silver javelins (quivered)
Armour
 b - a +0 scale mail (worn)
 c - a +0 buckler (worn)
Jewellery
 o - an amulet of faith
Wands
 p - a wand of iceblast (7)
Scrolls
 h - a scroll of immolation {unknown}
 j - a scroll of noise {unknown}
 l - a scroll of enchant armour {unknown}
 m - a scroll of teleportation {unknown}
 q - a scroll of fog {unknown}
Potions
 d - 2 potions of might
 k - 2 potions of flight {unknown}
 n - a potion of degeneration {unknown}


   Skills:
 + Level 3.8 Fighting
 + Level 3.4 Axes
 + Level 4.7 Armour
 + Level 1.5 Dodging
 + Level 0.3 Stealth
 + Level 3.8 Shields


You had 5 spell levels left.
You didn't know any spells.
Your spell library contained the following spells:

 Spells                   Type           Power      Damage    Failure   Level
 Ozocubu's Armour         Ice            0%         N/A       98%         3
 Fulminant Prism          Conj/Hex       0%         3d6       100%        4
 Iskenderun's Mystic Bla  Conj/Tloc      0%         2d3       100%        4
 Lee's Rapid Deconstruct  Erth           0%         3d5*      100%        5
 Ozocubu's Refrigeration  Ice            0%         4d5       100%        7


Dungeon Overview and Level Annotations

Branches:
Dungeon (4/15)
 Temple: D:4-7

Altars:
Qazlal
Trog
Jiyva


Innate Abilities, Weirdness & Mutations

You are immune to sickness and miasma.
Your stone body is resilient. (AC +4)
You are immune to poison.
You resist negative energy. (rN+)
You are resistant to electric shocks. (rElec)
You are resistant to unholy torment.
You are immune to petrification.


Message History

A dart slug comes into view.
The dart slug launches a dart at you.
The slug dart hits you but does no damage.
The dart slug launches a dart at you.
The slug dart hits you but does no damage.
The dart slug launches a dart at you. The slug dart misses you.
The dart slug launches a dart at you. The slug dart hits you.
You slash the dart slug!
You kill the dart slug!
You see here a dart slug corpse.
Found a war axe.
You see here a +0 war axe.
An ogre comes into view. It is wielding a +0 giant club.
The ogre shouts!
Found a stone staircase leading down.
You slash the ogre!
The ogre is heavily wounded.
The ogre completely misses you.
The ogre hits you with a +0 giant club!!
Ouch! That really hurt!
You barely miss the ogre.
The ogre is heavily wounded.
The ogre hits you with a +0 giant club!
* * * LOW HITPOINT WARNING * * *
You hit the ogre.
The ogre is severely wounded.
The ogre hits you with a +0 giant club.
* * * LOW HITPOINT WARNING * * *
You hit the ogre.
The ogre is severely wounded.
The ogre barely misses you.
You hit the ogre.
The ogre is almost dead.
You block the ogre's attack.
You closely miss the ogre.
The ogre is almost dead.
The ogre hits you with a +0 giant club!
You die...

# #######
###########.####
#.....#
#.).............
#.....#
#.#####@....####
#.....####.#
#O....#
#.†........#
#.###.#
#......###.# #.#
.# #..........#
..# .
#......###.. ..#
# #......###..#
#.##
............. .>
##..##........


You could see an ogre.

Vanquished Creatures
  A black bear (D:4)
  An iguana (D:4)
  5 adders
  3 worms
  3 dart slugs
  An orc (D:4)
  4 bats
  2 endoplasms (D:1)
  4 goblins
  8 hobgoblins
  2 jackals (D:2)
  7 kobolds
  A quokka (D:4)
  5 ball pythons
  5 frilled lizards
  3 rats
55 creatures vanquished.

Vanquished Creatures (others)
  A hound (D:4)
  An adder (D:2)
  A worm (D:2)
  A dart slug (D:3)
  2 bats
  3 endoplasms
  A hobgoblin (D:3)
  4 jackals
  A quokka (D:3)
  2 frilled lizards (D:2)
  3 kobolds
  3 rats
23 creatures vanquished.

Grand Total: 78 creatures vanquished

Notes
Turn   | Place    | Note
-------+----------+-------------------------------------------
     0 | D:1      | Sabo the Gargoyle Fighter began the quest for the Orb.
     0 | D:1      | Reached XP level 1. HP: 14/14 MP: 1/1
   215 | D:1      | Reached XP level 2. HP: 19/19 MP: 2/2
   944 | D:1      | Found a faded altar of an unknown god.
   952 | D:1      | Became a worshipper of Jiyva Jenasmoh the Shapeless
   952 | D:1      | Reached * piety under Jiyva
  1468 | D:2      | Reached XP level 3. HP: 23/23 MP: 3/3
  1625 | D:2      | Reached skill level 1 in Dodging
  1871 | D:2      | Found a stormy altar of Qazlal.
  2215 | D:2      | Reached XP level 4. HP: 27/28 MP: 4/4
  2704 | D:3      | Reached ** piety under Jiyva
  2790 | D:3      | Reached skill level 4 in Armour
  3747 | D:4      | Noticed a black bear
  3759 | D:4      | Killed a black bear
  3760 | D:4      | Reached XP level 5. HP: 20/33 MP: 5/5
  3860 | D:4      | Found a bloodstained altar of Trog.
  3917 | D:4      | Reached XP level 6. HP: 38/38 MP: 6/6
  4099 | D:4      | Mangled by an ogre

Illustrated notes

Levels and vault maps discovered:
D:1:      lightli_arrival_farm, layout_basic,
          shapermc_ecumenical_altar_totnotflames
D:2:      layout_loops_corners, basic_altar, minmay_surrounded
D:3:      layout_basic, mrwooster_statue_mirror
D:4:      layout_basic, marbit_many_paths

Skill      XL: |  1  2  3  4 |
---------------+-------------+-----
Axes           | 2 3 |  3.4
Dodging        | 1 |  1.5
Armour         | 4 |  4.7
Fighting       | |  3.8
Stealth        | |  0.3
Shields        | |  3.8

Action                   |  1- 3 |  4- 6 || total
-------------------------+-------+-------++-------
Melee: War axe           |   113 |    86 ||   199
Throw: Javelin           |     4 |       ||     4
Invok: Request Jelly     |     2 |     1 ||     3
  Use: Scroll            |       |     1 ||     1
Armor: Scale mail        |    72 |    38 ||   110
Dodge: Dodged            |    53 |    50 ||   103
Block: Buckler           |    20 |    26 ||    46

Table legend: (Time is in decaauts)
 A = Elapsed time spent in this place.
 B = Non-inter-level travel time spent in this place.
 C = Inter-level travel time spent in this place.
 D = Time resting spent in this place.
 E = Time spent auto-exploring this place.
 F = Levels seen in this place.
 G = Mean time per level.
                   A        B        C        D        E       F      G
               +--------+--------+--------+--------+--------+-----+--------+
         Total |   4213 |   4213 |      0 |    902 |      0 |   4 | 1053.2 |
       Dungeon |   4213 |   4213 |      0 |    902 |      0 |   4 | 1053.2 |
               +--------+--------+--------+--------+--------+-----+--------+

Top non-repeatable levels by time:
     D:1: 1508 daAuts
     D:2: 1200 daAuts
     D:3: 1104 daAuts
     D:4: 400 daAuts
